 Dungeon Sprint DCSS version 0.22.0-6-g71bd7aa (webtiles) character file.

59 poirepourri the Basher (level 7, -7/54 HPs)
             Began as a Gargoyle Fighter on Aug 14, 2018.
             Was a High Priest of Cheibriados.
             Mangled by an earth elemental (24 damage)
             ... in the Dungeon (Sprint VI: "Thunderdome").
             The game lasted 00:01:52 (400 turns).

poirepourri the Basher (Gargoyle Fighter)            Turns: 400, Time: 00:01:52

Health: -7/54      AC: 11    Str: 33    XL:     7   Next: 88%
Magic:  7/7        EV:  7    Int: 21    God:    Cheibriados [*****.]
Gold:   155        SH: 11    Dex: 21    Spells: 6/6 levels left

rFire    + + .     SeeInvis +   a - +0 flail
rCold    . . .     Gourm    .   c - +0 shield
rNeg     + + .     Faith    .   b - +0 scale mail
rPois    ∞         Spirit   .   (no helmet)
rElec    +         Reflect  .   (no cloak)
rCorr    .         Harm     .   (no gloves)
MR       +....     NoTele   +   (no boots)
Stlth    +.........             r - amulet of Ytygeh {Acrobat rF+ Stlth+}
HPRegen  0.18/turn              p - ring "Qeoppinta" {MR+ Dex-3} (curse)
MPRegen  0.10/turn              q - ring "Faatas" {rPois rF+ rN+ SInv}

@: very slow
A: negative energy resistance 1, electricity resistance, unbreathing,
petrification resistance, rot immunity, AC +4
a: Bend Time, Temporal Distortion, Slouch, Step From Time, Renounce Religion


You were in the Dungeon.
You worshipped Cheibriados.
Cheibriados was extremely pleased with you.
You were not hungry.

You visited 1 branch You collected 290 gold pieces.
You spent 135 gold pieces at shops.

Inventory:

Hand Weapons
 a - a +0 flail (weapon)
Armour
 b - a +0 scale mail (worn)
 c - a +0 shield (worn)
Jewellery
 p - the cursed ring "Qeoppinta" (left hand) {MR+ Dex-3}
   (You bought it in a shop in the Dungeon)

   [ring of dexterity]

   It affects your dexterity (-3).
   It affects your resistance to hostile enchantments.
   It has a curse placed upon it.
 q - the ring "Faatas" (right hand) {rPois rF+ rN+ SInv}
   (You bought it in a shop in the Dungeon)

   [ring of see invisible]

   It protects you from fire.
   It protects you from poison.
   It protects you from negative energy.
   It lets you see invisible.
 r - the amulet of Ytygeh (around neck) {Acrobat rF+ Stlth+}
   (You bought it in a shop in the Dungeon)

   [amulet of the acrobat]

   It helps you evade while moving and waiting.
   It protects you from fire.
   It makes you more stealthy.
Wands
 m - a wand of acid (2)
 n - a wand of iceblast (5)
Scrolls
 k - 4 scrolls of blinking
 o - 3 scrolls of fog
Potions
 d - a potion of might
 e - a potion of curing
 g - a potion of heal wounds
 h - 4 potions of haste
 i - 2 potions of magic
 j - a potion of berserk rage
 l - 2 potions of resistance
Comestibles
 f - a ration


   Skills:
 + Level 11.0 Fighting
 - Level 13.3 Maces & Flails
 - Level 3.2 Armour
 - Level 3.2 Shields


You had 6 spell levels left.
You didn't know any spells.
Your spell library was empty.

Dungeon Overview and Level Annotations

Branches:
Dungeon (1/1)

Altars:
Cheibriados
Dithmenos
Fedhas
Gozag
Kikubaaqudgha
Makhleb
Okawaru
Qazlal
Ru
Sif Muna
Trog
Uskayaw
Vehumet
Wu Jian
Xom
Yredelemnul
Zin
The Shining One
Beogh
Jiyva
Lugonu

Shops:
D *[%??*?*:[((!!!!


Innate Abilities, Weirdness & Mutations

You are resistant to torment.
Your stone body is resilient. (AC +4)
You are immune to poison.
You resist negative energy. (rN+)
You are resistant to electric shocks. (rElec)
You can survive without breathing.
You are immune to petrification.
You are immune to rotting.


Message History

You are too injured to fight recklessly!
You are too injured to fight recklessly!
You are too injured to fight recklessly!
You are too injured to fight recklessly!
You are too injured to fight recklessly!
You are too injured to fight recklessly!
You are too injured to fight recklessly!
You are too injured to fight recklessly!
You are too injured to fight recklessly!
You are too injured to fight recklessly!
You are too injured to fight recklessly!
You are too injured to fight recklessly!
You are too injured to fight recklessly!
Unknown command.
You bludgeon the earth elemental!!
The earth elemental is heavily damaged.
You hit the earth elemental.
The earth elemental is heavily damaged.
The earth elemental hits you!!
You die...

.............###.............##
..........###...###..........⌠#
..........# #.<.# #..........⌠#
..........###...###..........⌠#
.............###.............##
##∩........8.# #.8........∩###
##∩___......###......___∩##
######.8.........8.######
#⌠.......@)..⌠# ###.....E...###
#_......._# #_..†...._#
#_......._# #∩.......∩#
##∩.....∩## ##.....## ##⌠⌠⌠##


You could see an earth elemental.

Vanquished Creatures
  A gargoyle (D)
  An ogre (D)
  2 wolves (D)
  A big kobold (D)
  A gnoll sergeant (D)
  A hound (D)
  An iron imp (D)
  A worker ant (D)
  2 gnolls (D)
  A dart slug (D)
  3 goblins (D)
  2 hobgoblins (D)
17 creatures vanquished.

Notes
Turn   | Place    | Note
-------+----------+-------------------------------------------
     0 | D        | poirepourri the Gargoyle Fighter began the quest for the Orb.
     0 | D        | Reached XP level 1. HP: 14/14 MP: 1/1
     1 | D        | Found a blossoming altar of Fedhas.
     2 | D        | Found a hide-covered altar of Uskayaw.
     2 | D        | Found a shimmering altar of Xom.
     3 | D        | Found a snail-covered altar of Cheibriados.
     3 | D        | Found a burning altar of Makhleb.
     4 | D        | Found a glowing silver altar of Zin.
     4 | D        | Found a glowing golden altar of the Shining One.
     4 | D        | Found Fuetega's Staff Store.
     4 | D        | Found Joyn's Magic Scroll Shop.
     5 | D        | Found Wuhuimp's Must-Have Magic.
     5 | D        | Found Pirirch Ompe's Magic Scroll Shop.
     5 | D        | Round 1.
     8 | D        | Noticed an ogre
    16 | D        | Killed an ogre
    16 | D        | Reached skill level 8 in Maces & Flails
    16 | D        | Reached XP level 2. HP: 6/19 MP: 2/2
    16 | D        | Reached XP level 3. HP: 7/23 MP: 3/3
    16 | D        | Reached XP level 4. HP: 9/28 MP: 4/4
    23 | D        | Became a worshipper of Cheibriados the Contemplative
    30 | D        | Found a basalt altar of Yredelemnul.
    31 | D        | Found a shadowy altar of Dithmenos.
    32 | D        | Found Moreh's Delicious Food.
    32 | D        | Found an iron altar of Okawaru.
    32 | D        | Found an opulent altar of Gozag.
    32 | D        | Found an ornate altar of the Wu Jian Council.
    32 | D        | Found Leent's Identification Station.
    33 | D        | Found Mamaabla's Jewellery.
    33 | D        | Found Coxzad's Advanced Armour.
    45 | D        | Bought a transparent brass ring for 45 gold pieces
    45 | D        | Bought a bound golden ring for 45 gold pieces
    45 | D        | Bought a coiled ruby amulet for 45 gold pieces
    45 | D        | Identified the cursed ring "Qeoppinta" {MR+ Dex-3} (You bought it in a shop in the Dungeon)
    46 | D        | Identified the ring "Faatas" {rPois rF+ rN+ SInv} (You bought it in a shop in the Dungeon)
    47 | D        | Identified the amulet of Ytygeh {Acrobat rF+ Stlth+} (You bought it in a shop in the Dungeon)
    51 | D        | Found a bloodstained altar of Trog.
   126 | D        | Noticed Jessica
   133 | D        | Reached skill level 9 in Maces & Flails
   134 | D        | Reached * piety under Cheibriados
   136 | D        | Arena points: 5 (+5) [x1]
   147 | D        | Round 2.
   167 | D        | Found a roughly hewn altar of Beogh.
   167 | D        | Found a viscous altar of Jiyva.
   167 | D        | Found Koam Eraro's Premium Goods.
   167 | D        | Found Tulof's Miscellaneous Merchandise.
   168 | D        | Found Papnyr's Basic Armour.
   173 | D        | Found Eniesebi's Weapon Rack.
   173 | D        | Found a stormy altar of Qazlal.
   173 | D        | Found a corrupted altar of Lugonu.
   173 | D        | Found a radiant altar of Vehumet.
   184 | D        | Found a deep blue altar of Sif Muna.
   186 | D        | Found an ancient bone altar of Kikubaaqudgha.
   186 | D        | Found a sacrificial altar of Ru.
   186 | D        | Found Neeruxt's Do-It-Yourself Clinic.
   186 | D        | Found Peucus's Bottled Wisdom.
   187 | D        | Found Juanloareny's Distillery.
   192 | D        | Found Zeforanai's Distillery.
   210 | D        | Reached ** piety under Cheibriados
   214 | D        | Reached XP level 5. HP: 31/32 MP: 5/5
   216 | D        | Noticed Pikel
   219 | D        | Noticed a big kobold
   232 | D        | Killed a big kobold
   232 | D        | Reached *** piety under Cheibriados
   232 | D        | Reached skill level 11 in Maces & Flails
   258 | D        | Arena points: 17 (+12) [x1]
   268 | D        | Round 3.
   269 | D        | Noticed a wolf
   274 | D        | Killed a wolf
   274 | D        | Reached skill level 12 in Maces & Flails
   274 | D        | Reached XP level 6. HP: 37/37 MP: 6/6
   305 | D        | Reached **** piety under Cheibriados
   330 | D        | Reached skill level 13 in Maces & Flails
   336 | D        | Reached ***** piety under Cheibriados
   336 | D        | Reached XP level 7. HP: 46/46 MP: 7/7
   338 | D        | Arena points: 59 (+42) [x2]
   369 | D        | Round 4.
   385 | D        | Noticed a gargoyle
   397 | D        | Killed a gargoyle
   400 | D        | Mangled by an earth elemental

Skill      XL: |  1  2  3  4  5  6  7 |
---------------+----------------------+-----
Maces & Flails | 8 9 12 13 | 13.3
Fighting       | 6 11 | 11.0
Armour         | |  3.2
Shields        | |  3.2

Action                   |  1- 3 |  4- 6 |  7- 9 || total
-------------------------+-------+-------+-------++-------
Melee: Flail             |     3 |    66 |    18 ||    87
Evoke: Wand              |     3 |       |       ||     3
  Use: Potion            |     1 |     2 |       ||     3
Armor: Scale mail        |       |    34 |     4 ||    38
Dodge: Dodged            |       |    28 |     4 ||    32
Block: Shield            |       |    55 |     8 ||    63
